 Dungeon Sprint DCSS version 0.17-a0-1714-g35622ae (webtiles) character file.

3100000 ztt the Axe Maniac (level 19, -85/226 HPs)
             Began as a Deep Dwarf Gladiator on Aug 23, 2015.
             Was a High Priest of Makhleb.
             Annihilated by a destroyer
             ... wielding a +9 great sword of slicing
              (214 damage)
             ... in the Dungeon (Sprint VIII: "Arena of Blood").
             The game lasted 00:01:03 (31 turns).

ztt the Axe Maniac (Deep Dwarf Gladiator)             Turns: 31, Time: 00:01:03

Health: -85/226    AC:  7    Str: 26    XL:     19   Next: 94%
Magic:  18/37      EV: 28    Int: 10    God:    Makhleb [*****.]
Gold:   0          SH:  0    Dex: 13    Spells: 0 memorised, 47 levels left

rFire  . . .     SeeInvis .     m - +∞ Axe of Woe
rCold  . . .     Clarity  .     b - +0 leather armour
rNeg   + . .     SustAt   .     (no shield)
rPois  .         Gourm    .     c - +0 helmet
rElec  .         Spirit   .     (no cloak)
rCorr  .         Warding  .     (no gloves)
rMut   .         NoTele   +     (no boots)
MR     ++...                    (no amulet)
Stlth  +++++++...               o - +30 ring of slaying
                                n - +30 ring of slaying

@: non-regenerating, very resistant to hostile enchantments, extremely stealthy
A: damage resistance, recharge devices, negative energy resistance 1, sense
surroundings 3, slow healing 3
a: Device Recharging, Minor Destruction, Lesser Servant of Makhleb, Major
Destruction, Greater Servant of Makhleb, Renounce Religion


You were in the Dungeon.
You worshipped Makhleb.
Makhleb was extremely pleased with you.
You were not hungry.

You visited 1 branch

Inventory:

Hand weapons
 a - a +0 war axe
 m - the +∞ Axe of Woe (weapon)
   (You found it in the Dungeon)
Missiles
 d - 3 throwing nets (quivered)
Armour
 b - a +0 leather armour (worn)
 c - a +0 helmet (worn)
Jewellery
 n - a +30 ring of slaying (left hand)
 o - a +30 ring of slaying (right hand)
Magical devices
 e - a wand of heal wounds (5)
Scrolls
 l - a scroll of blinking
Potions
 g - a potion of curing
 h - a potion of heal wounds
 i - a potion of haste
 j - 2 potions of magic
 k - a potion of berserk rage
Comestibles
 f - a bread ration


   Skills:
 O Level 27 Fighting
 O Level 27 Axes
 O Level 27 Throwing
 + Level 18.3 Armour
 O Level 27 Dodging
 + Level 21.1 Stealth
 + Level 15.8 Unarmed Combat
 + Level 14.7 Spellcasting
 + Level 20.6 Invocations
 + Level 20.6 Evocations


You had 47 spell levels left.
You didn't know any spells.

Dungeon Overview and Level Annotations

Branches:
Dungeon (1/1)

Altars:
Makhleb


Innate Abilities, Weirdness & Mutations

You are resistant to damage.
You can recharge devices by infusing magical energy.
You resist negative energy.
You passively map a large area around you.
You do not heal naturally.


Message History

Your Invocations skill increases to level 20!
Your Evocations skill increases to level 20!
You hear a shout! x6
A bag of meat comes into view. It is wielding a +9 war axe.
Unknown command.
Unknown command.
Unknown command.
Unknown command. 2 orcs come into view.
The bag of meat shouts!
You hear a shout!
You hear a shout!
You hear a shout!
You hear a shout! x3
The eight-headed meat hydra calls on the powers of darkness!
The eight-headed meat hydra convulses!
The bag of meat convulses!
Your body is wracked with pain!
The meat berserker convulses!
The large bag of meat convulses!
The bag of meat convulses!
You hear a shout!
The destroyer blinks!
The destroyer hits you with a +9 great sword of slicing!!!!!
Ouch! That really hurt!
You die...

*, ...###... ..###. ,
........###...... , ,
, ,#........_..... ,
, , , , , .....
#.....#, , * * ,
......#§.<)_#,,,. ,
,, * ,
§....D#V))o.#...., ,
#.....)))o........ ,,
, ,,
...V.o.)###.......,,*
* ,
,.o.###.)@.o..###..,
, , , ,, #.V.....# ,
. , , , , , ,
#VO.....#, ,,, , ,,,
, ,.....Co..... , ,
,, , , ..o..........,
* , .o.o........... ,
, , ,,*
*,..o..........## , ,
,.o.#........#., , ,
, , , ,, **


You could see an eight-headed meat hydra, 4 destroyers, a large bag of meat
(inner flame), a meat berserker (berserk) and 8 bags of meat.

Vanquished Creatures
  A vampire knight (D)
  7 ogres (D)
  8 orcs (D)
16 creatures vanquished.

Notes
Turn   | Place    | Note
--------------------------------------------------------------
     0 | D        | ztt the Deep Dwarf Gladiator began the quest for the Orb.
     0 | D        | Reached XP level 1. HP: 19/19 MP: 1/1
     4 | D        | Noticed a bag of meat
     4 | D        | Became a worshipper of Makhleb the Destroyer
     5 | D        | Noticed a bag of meat
     7 | D        | Noticed a bag of meat
     8 | D        | Noticed a bag of meat
     9 | D        | Noticed a meat berserker
     9 | D        | Noticed a meat berserker
    10 | D        | Noticed a meat berserker
    10 | D        | Killed a bag of meat
    10 | D        | Reached skill level 9 in Fighting
    10 | D        | Reached skill level 19 in Axes
    10 | D        | Reached XP level 2. HP: 23/40 MP: 2/2
    10 | D        | Reached XP level 3. HP: 27/48 MP: 3/3
    10 | D        | Reached XP level 4. HP: 30/55 MP: 4/4
    10 | D        | Reached XP level 5. HP: 33/62 MP: 5/5
    10 | D        | Reached XP level 6. HP: 37/70 MP: 6/6
    10 | D        | Reached XP level 7. HP: 40/76 MP: 7/7
    10 | D        | Reached XP level 8. HP: 44/85 MP: 8/8
    10 | D        | Gained mutation: You passively map the area around you. [Deep Dwarf growth]
    10 | D        | Reached XP level 9. HP: 47/92 MP: 9/9
    10 | D        | Reached XP level 10. HP: 50/99 MP: 10/10
    10 | D        | Reached XP level 11. HP: 53/106 MP: 11/11
    10 | D        | Killed a bag of meat
    10 | D        | Acquired Makhleb's first power
    10 | D        | Reached skill level 10 in Fighting
    10 | D        | Reached skill level 21 in Axes
    10 | D        | Reached skill level 10 in Throwing
    10 | D        | Reached XP level 12. HP: 89/118 MP: 12/12
    11 | D        | Noticed a bag of meat
    11 | D        | Noticed a bag of meat
    11 | D        | Noticed a bag of meat
    12 | D        | Killed a meat berserker
    12 | D        | Reached skill level 24 in Axes
    12 | D        | Reached XP level 13. HP: 94/130 MP: 13/13
    12 | D        | Gained mutation: You resist negative energy. [Deep Dwarf growth]
    12 | D        | Reached XP level 14. HP: 100/139 MP: 14/14
    12 | D        | Killed a meat berserker
    12 | D        | Acquired Makhleb's second power
    12 | D        | Reached skill level 27 in Axes
    12 | D        | Reached skill level 27 in Dodging
    12 | D        | Reached XP level 15. HP: 104/152 MP: 15/15
    12 | D        | Killed a bag of meat
    13 | D        | Killed a meat berserker
    13 | D        | Acquired Makhleb's third power
    13 | D        | Reached XP level 16. HP: 160/180 MP: 16/16
    14 | D        | Killed a bag of meat
    16 | D        | Noticed a bag of meat
    16 | D        | Noticed a meat berserker
    18 | D        | Noticed a bag of meat
    19 | D        | Killed a bag of meat
    19 | D        | Acquired Makhleb's fourth power
    20 | D        | Noticed a meat berserker
    20 | D        | Killed a bag of meat
    20 | D        | Reached XP level 17. HP: 194/200 MP: 17/17
    23 | D        | Noticed a bag of meat
    23 | D        | Noticed a bag of meat
    23 | D        | Noticed a bag of meat
    24 | D        | Noticed a bag of meat
    24 | D        | Noticed a destroyer
    26 | D        | Noticed a meat berserker
    26 | D        | Noticed a meat berserker
    26 | D        | Noticed a bag of meat
    26 | D        | Killed a meat berserker
    26 | D        | Reached skill level 27 in Fighting
    26 | D        | Killed a meat berserker
    26 | D        | Acquired Makhleb's fifth power
    26 | D        | Reached skill level 27 in Throwing
    26 | D        | Gained mutation: You passively map a large area around you. [Deep Dwarf growth]
    26 | D        | Reached XP level 18. HP: 218/218 MP: 18/18
    27 | D        | Killed a bag of meat
    27 | D        | Reached skill level 5 in Unarmed Combat
    27 | D        | Reached skill level 5 in Spellcasting
    28 | D        | Noticed a destroyer
    28 | D        | Noticed a destroyer
    28 | D        | Killed a meat berserker
    28 | D        | Killed a destroyer
    28 | D        | Reached skill level 15 in Armour
    28 | D        | Reached XP level 19. HP: 226/226 MP: 18/35
    29 | D        | Noticed a destroyer
    29 | D        | Noticed a destroyer
    29 | D        | Noticed a bag of meat
    29 | D        | Noticed a bag of meat
    29 | D        | Noticed a large bag of meat
    29 | D        | Noticed a meat berserker
    29 | D        | Noticed an eight-headed meat hydra
    30 | D        | Noticed a bag of meat
    30 | D        | Killed a meat berserker
    30 | D        | Reached skill level 15 in Unarmed Combat
    30 | D        | Killed a bag of meat
    31 | D        | Noticed a bag of meat
    31 | D        | Noticed a bag of meat
    31 | D        | Noticed a bag of meat
    31 | D        | Annihilated by a destroyer

Vault maps used:
D:        meatsprint

Action                   |  1- 3 |  4- 6 |  7- 9 | 10-12 | 13-15 | 16-18 | 19-21 || total
-------------------------+-------+-------+-------+-------+-------+-------+-------++-------
Melee: Executioner's axe |     1 |       |       |     1 |     1 |     6 |     1 ||    10
